 Dungeon Crawl Stone Soup version 0.26.1-11-gd32895ea62 (webtiles) character file.

Game seed: 2526907204487020318

77 jlumianski the Grasshopper (level 4, -1/38 HPs)
             Began as a Gnoll Warper on May 1, 2021.
             Was a Plaything of Xom.
             Slain by a sky beast (5 damage)
             ... on level 2 of the Dungeon.
             The game lasted 00:11:58 (1822 turns).

jlumianski the Grasshopper (Gnoll Warper)           Turns: 1822, Time: 00:11:58

Health: -1/38      AC:  4    Str: 14    XL:     4   Next: 34%
Magic:  11/11      EV: 14    Int: 16    God:    Xom [..*...]
Gold:   21         SH:  0    Dex: 14    Spells: 8/13 levels left

rFire    . . .     SeeInvis .   a - +0 hand axe
rCold    . . .     Faith    .   (no shield)
rNeg     . . .     Spirit   .   b - +0 leather armour
rPois    +         Reflect  .   (no helmet)
rElec    .         Harm     .   (no cloak)
rCorr    .         Rampage  .   (no gloves)
Will     +....     Rnd*Tele +   k - +0 pair of boots
Stlth    +.........             (no amulet)
HPRegen  0.12/turn              (no ring)
MPRegen  0.12/turn              (no ring)

@: brilliant
A: distributed training, fangs 1, strong-willed 1, poison resistance,
teleportitis 1, MP-powered wands, strong nose
a: Renounce Religion


You were on level 2 of the Dungeon.
You worshipped Xom.
You were a toy of Xom.
You visited 1 branch of the dungeon, and saw 2 of its levels.

You collected 111 gold pieces.
You spent 90 gold pieces at shops.

Inventory:

Hand Weapons
 a - a +0 hand axe (weapon)
Missiles
 e - 3 boomerangs of dispersal
 f - 53 stones (quivered)
Armour
 b - a +0 leather armour (worn)
 c - a +0 ring mail
 k - a +0 pair of boots (worn)
Scrolls
 d - a scroll of blinking
 g - 2 scrolls of random uselessness {unknown}
 h - a scroll of enchant weapon {unknown}
 i - 3 scrolls of remove curse {unknown}
 l - a scroll of fog {unknown}
Potions
 j - a potion of curing


   Skills:
 + Level 4.6 Fighting
 + Level 1.1 Short Blades
 + Level 1.1 Long Blades
 + Level 4.6 Axes
 + Level 1.1 Maces & Flails
 + Level 1.1 Polearms
 + Level 1.1 Staves
 + Level 1.1 Slings
 + Level 1.1 Bows
 + Level 1.1 Crossbows
 + Level 2.7 Throwing
 + Level 2.7 Armour
 + Level 4.6 Dodging
 + Level 1.1 Stealth
 + Level 1.1 Shields
 + Level 1.1 Unarmed Combat
 + Level 5.0 Spellcasting
 + Level 0.8 Conjurations
 + Level 0.8 Hexes
 + Level 0.8 Summonings
 + Level 0.8 Necromancy
 + Level 5.4 Translocations
 + Level 0.8 Transmutations
 + Level 0.8 Fire Magic
 + Level 0.8 Ice Magic
 + Level 0.8 Air Magic
 + Level 0.8 Earth Magic
 + Level 0.8 Poison Magic
 + Level 1.2 Invocations
 + Level 1.1 Evocations


You had 8 spell levels left.
You knew the following spells:

 Your Spells              Type           Power        Failure   Level
a - Blink                 Tloc           N/A          3%          2
b - Gell's Gravitas       Tloc           16%          6%          3

Your spell library contained the following spells:

 Spells                   Type           Power        Failure   Level
 Lesser Beckoning         Tloc           16%          6%          3
 Teleport Other           Tloc           32%          6%          3
 Passage of Golubria      Tloc           N/A          19%         4


Dungeon Overview and Level Annotations

Branches:
Dungeon (2/15)

Altars:
Ashenzari
Dithmenos
Xom
Zin


Innate Abilities, Weirdness & Mutations

Your experience applies equally to all skills.
You have very sharp teeth.
Your uncanny sense of smell can sniff out nearby items.
You are strong-willed. (Will+)
Your system is resistant to poisons. (rPois)
You are occasionally teleported next to monsters.
You expend magic power (3 MP) to strengthen your wands.


Message History

You barely miss the sky beast.
You bite the sky beast, but do no damage.
The sky beast is lightly wounded.
The sky beast hits you but does no damage.
You hit the sky beast. Your bite misses the sky beast.
The sky beast is lightly wounded.
The sky beast flickers out of sight!
Deactivating autopickup; reactivate with Ctrl-A.
Something hits you but does no damage. x2
You miss something. Your bite misses something. Something hits you.
Something shocks you.
You hit something. Something completely misses you.
You miss something. Something hits you but does no damage.
You hit something. Something hits you. Something shocks you.
* * * LOW HITPOINT WARNING * * *
You hit something. You bite something. Something hits you.
* * * LOW HITPOINT WARNING * * *
Something shocks you.
You die... "I guess I need a new plaything now."

.... #####.######....###...
#..# ###..######....####..
#..# #.................###
##.<##################.#.#.###
#..........# #..........
#..........# #..........
#..........# #..........
#...?..>...#########........##
#...........{@..............##
#(.........########...........
#..........# ###.........#.
#.........$# ##...........#
#####.###### #...########.##
#.# #..## #..## #.# #.# ##..#
#.### ##..# #....
#...####..############.#..


There were no monsters in sight!

Vanquished Creatures
  3 adders (D:2)
  An ooze (D:1)
  A worm (D:2)
  A dart slug (D:1)
  A leopard gecko (D:1)
  2 bats (D:1)
  2 giant cockroaches (D:2)
  4 goblins
  5 hobgoblins
  5 jackals (D:1)
  A ball python (D:2)
  5 frilled lizards
  6 kobolds (D:1)
  3 rats
40 creatures vanquished.

Notes
Turn   | Place    | Note
-------+----------+-------------------------------------------
     0 | D:1      | jlumianski the Gnoll Warper began the quest for the Orb.
     0 | D:1      | Reached XP level 1. HP: 20/20 MP: 6/6
   227 | D:1      | Reached XP level 2. HP: 24/26 MP: 7/7
   249 | D:1      | Learned a level 2 spell: Blink
   696 | D:1      | Reached XP level 3. HP: 27/31 MP: 9/9
   714 | D:1      | Learned a level 3 spell: Gell's Gravitas
   744 | D:1      | Reached skill level 5 in Spellcasting
  1147 | D:2      | Found a broken altar of Ashenzari.
  1176 | D:2      | Gained mutation: You are occasionally teleported next to
                  | monsters. [potion of mutation]
  1176 | D:2      | Gained mutation: You expend magic power (3 MP) to
                  | strengthen your wands. [potion of mutation]
  1176 | D:2      | Gained mutation: You have large cloven feet. [potion of
                  | mutation]
  1177 | D:2      | Lost mutation: You have large cloven feet. [potion of
                  | mutation]
  1177 | D:2      | Gained mutation: Your system is resistant to poisons.
                  | (rPois) [potion of mutation]
  1177 | D:2      | Gained mutation: You are strong-willed. (Will+) [potion of
                  | mutation]
  1217 | D:2      | Found a shimmering altar of Xom.
  1252 | D:2      | Found a shadowy altar of Dithmenos.
  1303 | D:2      | Became a worshipper of Xom of Chaos
  1323 | D:2      | Reached skill level 1 in Invocations
  1428 | D:2      | Reached skill level 1 in Short Blades
  1428 | D:2      | Reached skill level 1 in Long Blades
  1428 | D:2      | Reached skill level 1 in Maces & Flails
  1428 | D:2      | Reached skill level 1 in Polearms
  1428 | D:2      | Reached skill level 1 in Staves
  1428 | D:2      | Reached skill level 1 in Slings
  1428 | D:2      | Reached skill level 1 in Bows
  1428 | D:2      | Reached skill level 1 in Crossbows
  1428 | D:2      | Reached skill level 1 in Stealth
  1428 | D:2      | Reached skill level 1 in Shields
  1428 | D:2      | Reached skill level 1 in Unarmed Combat
  1428 | D:2      | Reached skill level 1 in Evocations
  1432 | D:2      | Reached XP level 4. HP: 28/38 MP: 1/11
  1446 | D:2      | XOM: silly message
  1470 | D:2      | Noticed a sky beast
  1515 | D:2      | Found Zin's Purification Station.
  1518 | D:2      | Found a glowing silver altar of Zin.
  1523 | D:2      | Bought a potion of curing for 90 gold pieces
  1619 | D:2      | XOM: divination: detect creatures
  1810 | D:2      | XOM: potion effect (brilliance)
  1822 | D:2      | Slain by a sky beast

Illustrated notes

Levels and vault maps discovered:
D:1:      minmay_arrival_shattered_statue, layout_basic, minivault_24,
          st_stairs_8, minmay_misc_feat_secret_circle
D:2:      layout_rooms, lemuel_round_altar, zin_purify, marbit_many_paths,
          ashenzari_conservatory_becter, minmay_surrounded

Skill      XL: |  1  2  3 |
---------------+----------+-----
Spellcasting   | 5 |  5.0
Invocations    | 1 |  1.2
Short Blades   | 1 |  1.1
Long Blades    | 1 |  1.1
Maces & Flails | 1 |  1.1
Polearms       | 1 |  1.1
Staves         | 1 |  1.1
Slings         | 1 |  1.1
Bows           | 1 |  1.1
Crossbows      | 1 |  1.1
Stealth        | 1 |  1.1
Shields        | 1 |  1.1
Unarmed Combat | 1 |  1.1
Evocations     | 1 |  1.1
Fighting       | |  4.6
Axes           | |  4.6
Throwing       | |  2.7
Armour         | |  2.7
Dodging        | |  4.6
Conjurations   | |  0.8
Hexes          | |  0.8
Summonings     | |  0.8
Necromancy     | |  0.8
Translocations | |  5.4
Transmutations | |  0.8
Fire Magic     | |  0.8
Ice Magic      | |  0.8
Air Magic      | |  0.8
Earth Magic    | |  0.8
Poison Magic   | |  0.8

Action                   |  1- 3 |  4- 6 || total
-------------------------+-------+-------++-------
Melee: Hand axe          |    91 |    42 ||   133
       Bite              |     9 |     6 ||    15
Throw: Stone             |     3 |     5 ||     8
       Boomerang         |       |     2 ||     2
 Cast: Gell's Gravitas   |     5 |     2 ||     7
       Blink             |     2 |     3 ||     5
  Use: Potion            |     2 |     1 ||     3
 Stab: Sleeping          |     1 |       ||     1
Armor: Leather armour    |    21 |    14 ||    35
Dodge: Dodged            |    63 |    21 ||    84
